 Dungeon Crawl Stone Soup version 0.32-a0-131-g9dbbe29261 (webtiles) character file.

Game seed: 831140410785775355

375 Ambrosia the Ducker (level 6, -6/51 HPs)
             Began as a Barachi Gladiator on Feb 8, 2024.
             Mangled by an orc warrior
             ... wielding a +0 flail
              (13 damage)
             ... on level 4 of the Dungeon.
             The game lasted 00:03:57 (2676 turns).

Ambrosia the Ducker (Barachi Gladiator)             Turns: 2676, Time: 00:03:57

Health: -6/51      AC:  7    Str: 15    XL:     6   Next: 72%
Magic:  6/6        EV: 14    Int:  9    God:
Gold:   108        SH:  0    Dex: 15    Spells: 5/5 levels left

rFire   . . .        a - +0 quarterstaff
rCold   + . .        (shield currently unavailable)
rNeg    . . .        b - +0 leather armour
rPois   .            q - +2 hat {Will+}
rElec   .            l - +1 cloak
rCorr   .            (no gloves)
SInv    .            (no boots)
Will    +....        (no amulet)
Stlth   +            C - ring of protection from cold {rC+}
HPRegen 0.28/turn    (no ring)
MPRegen 0.10/turn

%: no passive effects
@: slow
A: amphibious, slowness 1, strong legs 1, +LOS
a: Hop


You were on level 4 of the Dungeon.
You visited 1 branch of the dungeon, and saw 5 of its levels.

You collected 108 gold pieces.

Inventory:

Hand Weapons
 a - a +0 quarterstaff (weapon)
Missiles
 e - a javelin
Armour
 b - a +0 leather armour (worn)
 l - a +1 cloak (worn)
   (You found it on level 2 of the Dungeon)
 q - a +2 hat of willpower (worn)
   (You found it on level 3 of the Dungeon)
Jewellery
 r - a ring of fire {rF+, rC-}
   (You found it on level 4 of the Dungeon)
 C - a ring of protection from cold (left hand) {rC+}
   (You found it on level 3 of the Dungeon)
Wands
 n - a wand of roots (7)
   (You found it on level 3 of the Dungeon)
Scrolls
 k - 2 scrolls of teleportation {!r!d, @r3}
Potions
 c - 2 potions of attraction {unknown}
 f - 2 potions of berserk rage {unknown}
 g - a potion of invisibility {unknown}
 h - a potion of degeneration {unknown}
 i - a potion of lignification {unknown}
 j - 2 potions of cancellation {unknown}
 m - a potion of mutation {!q}
 o - a potion of might {unknown}
 p - a potion of brilliance {unknown}


   Skills:
 * Level 5.5 Fighting
 + Level 4.6 Staves
 - Level 2.0 Throwing
 * Level 5.7 Dodging


You had 5 spell levels left.
You didn't know any spells.
Your spell library was empty.

Dungeon Overview and Level Annotations

Branches:
Dungeon (5/15) Zot: 26929
 Temple: D:4-7

Altars:

Shops:
D:2 !


Innate Abilities, Weirdness & Mutations

You are amphibious.
You cover ground slowly.
You can hop short distances.
You have an extended range of vision and can be seen from far away.


Message History

You hit the orc warrior but do no damage.
The orc warrior struggles against the net.
Hit: a) +0 quarterstaff
Press: ? - help, Dir - move target, f/p - orc warrior
Aim: an orc warrior, wielding a +0 flail and wearing a +0 chain mail (lightly wounded, entangled in a net, about 10% to evade your +0 quarterstaff)
You hit the orc warrior but do no damage.
The orc warrior struggles against the net.
Okay, then.
Aiming: Fastroot
Press: ? - help, Shift-Dir - straight line, f - endoplasm, p - orc warrior
Aim: an endoplasm The roots erupt in riotous growth!
Roots grab the orc warrior.
The endoplasm is unaffected.
Roots grab the orc.
Roots grab the bombardier beetle.
The grasping roots constrict the orc.
The grasping roots constrict the orc warrior.
The grasping roots constrict the bombardier beetle.
The orc warrior struggles against the net.
Unknown command.
Hit: a) +0 quarterstaff
Press: ? - help, Dir - move target, f - orc warrior, p - endoplasm
Aim: an orc warrior, wielding a +0 flail and wearing a +0 chain mail (lightly wounded, entangled in a net, constricted by roots, about 10% to evade your +0 quarterstaff)
You hit the orc warrior.
The grasping roots constrict the orc.
You kill the orc!
The grasping roots constrict the orc warrior.
The grasping roots constrict the bombardier beetle!
The roots release their grip on the orc warrior.
The roots release their grip on the bombardier beetle.
The orc warrior struggles against the net.
The net rips apart, and the orc warrior comes free!
Hit: a) +0 quarterstaff
Press: ? - help, Dir - move target, f/p - orc warrior
Aim: an orc warrior, wielding a +0 flail and wearing a +0 chain mail (moderately wounded, about 39% to evade your +0 quarterstaff)
You closely miss the orc warrior.
The orc warrior hits you with a +0 flail.
You take 3 damage, and have 29/51 hp.
Hit: a) +0 quarterstaff
Press: ? - help, Dir - move target, f/p - orc warrior
Aim: an orc warrior, wielding a +0 flail and wearing a +0 chain mail (moderately wounded, about 39% to evade your +0 quarterstaff)
You barely miss the orc warrior.
The orc warrior hits you with a +0 flail!
You take 12 damage, and have 17/51 hp.
MASSIVE DAMAGE!!
Hit: a) +0 quarterstaff
Press: ? - help, Dir - move target, f/p - orc warrior
Aim: an orc warrior, wielding a +0 flail and wearing a +0 chain mail (moderately wounded, about 39% to evade your +0 quarterstaff)
Okay, then.
Aiming: Fastroot
Press: ? - help, Shift-Dir - straight line, f/p - orc warrior
Aim: an orc warrior, wielding a +0 flail and wearing a +0 chain mail (moderately wounded)
The roots erupt in riotous growth!
Roots grab the orc warrior.
The endoplasm is unaffected.
Roots grab the bombardier beetle.
The grasping roots constrict the orc warrior, but do no damage.
The grasping roots constrict the bombardier beetle.
The orc warrior barely misses you.
Unknown command.
Hit: a) +0 quarterstaff
Press: ? - help, Dir - move target, f/p - orc warrior
Aim: an orc warrior, wielding a +0 flail and wearing a +0 chain mail (moderately wounded, constricted by roots, about 10% to evade your +0 quarterstaff)
You barely miss the orc warrior.
The grasping roots constrict the orc warrior.
The grasping roots constrict the bombardier beetle.
You kill the bombardier beetle!
The orc warrior closely misses you.
Hit: a) +0 quarterstaff
Press: ? - help, Dir - move target, f/p - orc warrior
Aim: an orc warrior, wielding a +0 flail and wearing a +0 chain mail (heavily wounded, constricted by roots, about 10% to evade your +0 quarterstaff)
You hit the orc warrior.
The grasping roots constrict the orc warrior.
The roots release their grip on the orc warrior.
The orc warrior barely misses you.
Hit: a) +0 quarterstaff
Press: ? - help, Dir - move target, f/p - orc warrior
Aim: an orc warrior, wielding a +0 flail and wearing a +0 chain mail (severely wounded, about 39% to evade your +0 quarterstaff)
Okay, then.
Aiming: Fastroot
Press: ? - help, Shift-Dir - straight line, f/p - orc warrior
Aim: an orc warrior, wielding a +0 flail and wearing a +0 chain mail (severely wounded)
The roots erupt in riotous growth!
Roots grab the orc warrior.
The endoplasm is unaffected.
The grasping roots constrict the orc warrior.
The orc warrior barely misses you.
Hit: a) +0 quarterstaff
Press: ? - help, Dir - move target, f/p - orc warrior
Aim: an orc warrior, wielding a +0 flail and wearing a +0 chain mail (almost dead, constricted by roots, about 10% to evade your +0 quarterstaff)
You hit the orc warrior but do no damage.
The grasping roots constrict the orc warrior.
The roots release their grip on the orc warrior.
The orc warrior completely misses you.
Hit: a) +0 quarterstaff
Press: ? - help, Dir - move target, f/p - orc warrior
Aim: an orc warrior, wielding a +0 flail and wearing a +0 chain mail (almost dead, about 39% to evade your +0 quarterstaff)
You hit the orc warrior but do no damage.
The orc warrior hits you with a +0 flail!
* * * LOW HITPOINT WARNING * * *
The orc warrior hits you with a +0 flail!
You die...

#.##†####.#.###
#.....†....## #.##.#
#...# ###.####.....
.....# ##.##
##.###..#)#. #....# #.#
#...##.##.## ###### #.#
#.).#..#.$.# #.#
#...#.###### #.###
#####...#.#
#.....###)......†.#
.#.....@oJ......†#######
.#.##.###†>......#......
# #####....'......
#.....#......
#......####### ##).....#
.. ##...#.# ## ..B.##.#
...... ..


You could see an orc warrior and an endoplasm.

Vanquished Creatures
  A black bear (D:4)
  A scorpion (D:4)
  A bombardier beetle (D:4)
  Jessica (D:3)
  An iguana (D:4)
  5 adders (D:4)
  A gnoll (D:2)
  4 dart slugs (D:1 D:2)
  8 orcs (D:3 D:2 D:4)
  4 ball pythons (D:1 D:4)
  7 endoplasms (D:1 D:2 D:4)
  6 giant cockroaches (D:1 D:2 D:4)
  5 goblins (D:1 D:2 D:3 D:4)
  5 hobgoblins (D:1 D:3 D:4)
  4 jackals (D:1 D:2)
  4 kobolds (D:1 D:3 D:4)
  3 quokkas (D:1 D:2 D:4)
  5 bats (D:1 D:2 D:3)
  2 frilled lizards (D:3)
  2 rats (D:2 D:3)
70 creatures vanquished.

Notes
Turn   | Place    | Note
-------+----------+-------------------------------------------
     0 | D:1      | Ambrosia the Barachi Gladiator began the quest for the Orb.
     0 | D:1      | Reached XP level 1. HP: 17/17 MP: 1/1
   249 | D:1      | Reached XP level 2. HP: 23/23 MP: 2/2
   366 | D:1      | Reached skill level 3 in Fighting
   546 | D:1      | Reached XP level 3. HP: 24/29 MP: 3/3
  1119 | D:2      | Reached skill level 4 in Dodging
  1373 | D:2      | Found Foih's Distillery.
  1706 | D:3      | Reached XP level 4. HP: 36/36 MP: 4/4
  2051 | D:3      | Noticed Jessica
  2058 | D:3      | Killed Jessica
  2059 | D:3      | Reached skill level 4 in Fighting
  2377 | D:4      | Reached skill level 4 in Staves
  2377 | D:4      | Reached XP level 5. HP: 42/42 MP: 5/5
  2508 | D:4      | Reached skill level 5 in Dodging
  2586 | D:4      | Noticed a black bear
  2596 | D:4      | Killed a black bear
  2597 | D:4      | Reached skill level 5 in Fighting
  2597 | D:4      | Reached XP level 6. HP: 51/51 MP: 6/6
  2599 | D:4      | Noticed an orc warrior
  2610 | D:5      | Entered Level 5 of the Dungeon
  2670 | D:4      | HP: 17/51 [orc warrior/+0 flail (13)]
  2676 | D:4      | HP: 7/51 [orc warrior/+0 flail (12)]
  2676 | D:4      | Mangled by an orc warrior

Illustrated notes

Levels and vault maps discovered:
D:1:      minmay_arrival_solitary_statue, layout_loops_corners,
          minmay_door_square, minmay_ruptured
D:2:      layout_basic, basic_altar, serial_shops, nicolae_shop_tiny_waterfront,
          serial_bayou_lagoon_a, cheibrodos_gnoll_hut, uniq_terence
D:3:      layout_rooms, kennysheep_doodads, uniq_jessica
D:4:      layout_loops_cross, minmay_temple_entry_wispy,
          nicolae_ossuary_entry_plus, minmay_divided_ellipse, uniq_pikel
D:5:      layout_basic, chequers_serial_rivers_small_b,
          kennysheep_generic_room_11, uniq_blork_the_orc

Skill      XL: |  1  2  3  4  5 |
---------------+----------------+-----
Fighting       | 3 4 5 |  5.5
Dodging        | 4 5 |  5.7
Staves         | 4 |  4.6
Throwing       | |  2.0

Action                     |  1- 3 |  4- 6 || total
---------------------------+-------+-------++-------
  Melee: Quarterstaff      |    90 |   127 ||   217
  Throw: Throwing net      |     1 |     6 ||     7
Ability: Hop               |     2 |     3 ||     5
  Evoke: Wand              |       |     3 ||     3
    Use: Scroll            |     4 |     3 ||     7
   Stab: Held in net/web   |       |     1 ||     1
 Armour: Leather armour    |    49 |    73 ||   122
  Dodge: Dodged            |    76 |   110 ||   186

Table legend: (Time is in decaauts)
 A = Elapsed time spent in this place.
 B = Non-inter-level travel time spent in this place.
 C = Inter-level travel time spent in this place.
 D = Time resting spent in this place.
 E = Time spent auto-exploring this place.
 F = Levels seen in this place.
 G = Mean time per level.
                   A        B        C        D        E       F      G
               +--------+--------+--------+--------+--------+-----+--------+
         Total |   3066 |   2997 |     69 |    360 |   2013 |   5 |  613.2 |
       Dungeon |   3066 |   2997 |     69 |    360 |   2013 |   5 |  613.2 |
               +--------+--------+--------+--------+--------+-----+--------+

Top non-repeatable levels by time:
     D:1: 1281 daAuts
     D:2: 729 daAuts
     D:3: 621 daAuts
     D:4: 416 daAuts
     D:5: 17 daAuts

Levels and vault maps discovered:
D:1:      minmay_arrival_solitary_statue, layout_loops_corners,
          minmay_door_square, minmay_ruptured
D:2:      layout_basic, basic_altar, serial_shops, nicolae_shop_tiny_waterfront,
          serial_bayou_lagoon_a, cheibrodos_gnoll_hut, uniq_terence
D:3:      layout_rooms, kennysheep_doodads, uniq_jessica
D:4:      layout_loops_cross, minmay_temple_entry_wispy,
          nicolae_ossuary_entry_plus, minmay_divided_ellipse, uniq_pikel
D:5:      layout_basic, chequers_serial_rivers_small_b,
          kennysheep_generic_room_11, uniq_blork_the_orc

Table legend: (Time is in decaauts)
 A = Elapsed time spent in this place.
 B = Non-inter-level travel time spent in this place.
 C = Inter-level travel time spent in this place.
 D = Time resting spent in this place.
 E = Time spent auto-exploring this place.
 F = Levels seen in this place.
 G = Mean time per level.
                   A        B        C        D        E       F      G
               +--------+--------+--------+--------+--------+-----+--------+
         Total |   3066 |   2997 |     69 |    360 |   2013 |   5 |  613.2 |
       Dungeon |   3066 |   2997 |     69 |    360 |   2013 |   5 |  613.2 |
               +--------+--------+--------+--------+--------+-----+--------+

Top non-repeatable levels by time:
     D:1: 1281 daAuts
     D:2: 729 daAuts
     D:3: 621 daAuts
     D:4: 416 daAuts
     D:5: 17 daAuts

Table legend:
 A = Kills in this place as a percentage of kills in the entire game.
 B = Kills by you in this place as a percentage of kills by you in the entire game.
 C = Kills by friends in this place as a percentage of kills by friends in the entire game.
 D = Other kills in this place as a percentage of other kills in the entire game.
 E = Experience gained in this place as a percentage of experience gained in the entire game.
 F = Experience gained in this place divided by the number of levels of this place that you have seen.
                   A       B       C       D       E      F
               +-------+-------+-------+-------+-------+----------------------
         Total | 100.0 | 100.0 |   N/A |   N/A | 100.0 | 107.2
       Dungeon | 100.0 | 100.0 |   N/A |   N/A | 100.0 | 107.2
               +-------+-------+-------+-------+-------+----------------------
